 Dungeon Crawl Stone Soup version 0.28.0-53-g5a82cb258f (webtiles) character file.

Game seed: 17068164015583739571

1528 Logoto the Conjurer (level 8, -2/63 HPs)
             Began as a Black Draconian Conjurer on Aug 2, 2022.
             Was an Initiate of Vehumet.
             Slain by a vampire (7 damage)
             ... on level 6 of the Dungeon.
             The game lasted 00:38:56 (6996 turns).

Logoto the Conjurer (Black Draconian Conjurer)      Turns: 6996, Time: 00:38:59

Health: -2/63      AC:  6    Str: 12    XL:     8   Next: 55%
Magic:  3/16       EV: 12    Int: 24    God:    Vehumet [......]
Gold:   106        SH:  0    Dex: 10    Spells: 11/17 levels left

rFire   . . .      SeeInvis .   w - +2 dire flail (protect)
rCold   . . .      Faith    .   (shield currently unavailable)
rNeg    . . .      Spirit   .   (armour unavailable)
rPois   .          Reflect  .   (helmet restricted)
rElec   +          Harm     .   (no cloak)
rCorr   .          Rampage  .   (no gloves)
Will    .....                   (no boots)
Stlth   ++........              g - amulet of regeneration
HPRegen 1.00/turn               a - +6 ring of intelligence
MPRegen 0.15/turn               (no ring)

@: no status effects
A: breathe lightning, AC +6, unfitting armour, electricity resistance,
cold-blooded
a: Breathe Lightning, Renounce Religion


You were on level 6 of the Dungeon.
You worshipped Vehumet.
Vehumet was noncommittal.
You visited 2 branches of the dungeon, and saw 7 of its levels.

You collected 175 gold pieces.
You spent 69 gold pieces at shops.

Inventory:

Hand Weapons
 b - a +1 dagger of electrocution
 p - a +3 dagger
 w - a +2 dire flail of protection (weapon)
 B - a +0 halberd
Missiles
 x - 3 silver boomerangs
 A - 7 poisoned darts
Jewellery
 a - a +6 ring of intelligence (left hand)
 g - an amulet of regeneration (around neck)
Wands
 r - a wand of acid (2)
 u - a wand of polymorph (8)
Scrolls
 e - 2 scrolls of identify {unknown}
 f - a scroll of vulnerability {unknown}
 h - 2 scrolls of amnesia {unknown}
 j - 2 scrolls of teleportation
 l - a scroll of noise {unknown}
 n - a scroll of fog {unknown}
 y - a scroll of magic mapping {unknown}
Potions
 c - 3 potions of heal wounds {unknown}
 d - 3 potions of ambrosia {unknown}
 i - 2 potions of mutation {unknown}
 k - 2 potions of brilliance {unknown}
 m - a potion of berserk rage {unknown}
 o - 4 potions of curing
 q - a potion of attraction {unknown}
 s - 2 potions of resistance {unknown}
 t - a potion of degeneration {unknown}
 v - a potion of invisibility {unknown}
 z - a potion of flight {unknown}


   Skills:
 + Level 3.3 Fighting
 + Level 3.5(4.0) Short Blades
 - Level 2.4(3.4) Long Blades
 * Level 0.7 Maces & Flails
 + Level 3.5 Dodging
 + Level 4.4 Stealth
 - Level 0.3 Unarmed Combat
 * Level 5.3 Spellcasting
 + Level 5.9 Conjurations


You had 11 spell levels left.
You knew the following spells:

 Your Spells              Type           Power      Damage    Failure   Level
a - Magic Dart            Conj           100%       1d8       1%          1
b - Dazzling Flash        Conj/Hex       40%        N/A       8%          3
c - Searing Ray           Conj           70%        2d7       1%          2

Your spell library contained the following spells:

 Spells                   Type           Power      Damage    Failure   Level
 Fulminant Prism          Conj/Hex       10%        3d9       24%         4
 Iskenderun's Mystic Bla  Conj/Tloc      20%        2d6       26%         4


Dungeon Overview and Level Annotations

Branches:
Dungeon (6/15)             Temple (1/1) D:5

Altars:
Ashenzari
Cheibriados
Dithmenos
Elyvilon
Fedhas
Gozag
Hepliaklqana
Kikubaaqudgha
Makhleb
Nemelex Xobeh
Okawaru
Qazlal
Sif Muna
Uskayaw
Vehumet
Wu Jian
Xom
Zin
The Shining One

Shops:
D:6 (


Innate Abilities, Weirdness & Mutations

You can breathe wild blasts of lightning.
Your glossy black scales are hard. (AC +6)
You cannot fit into any form of body armour.
You are resistant to electric shocks. (rElec)
You are cold-blooded and may be slowed by cold attacks.


Message History

Aim: a vampire (moderately damaged, 81% to hit)
The searing ray hits the vampire!
The vampire is heavily damaged. (Press . to maintain the ray.)
The vampire misses you. The vampire closely misses you.
The searing ray hits the vampire.
The vampire is severely damaged.
The vampire misses you. x2
The searing ray hits the vampire but does no damage.
The vampire is severely damaged.
The vampire draws life force from you!
The vampire is healed by the life force!
You feel better. The vampire hits you! The vampire closely misses you.
Casting: Searing Ray (safe; 1% risk of failure)
Confirm with . or Enter, or press ? or * to list all spells.
Aiming: Searing Ray (safe; 1% risk of failure)
Press: ? - help, Shift-Dir - straight line, f/p - vampire
Aim: a vampire (heavily damaged, 81% to hit)
The searing ray hits the vampire but does no damage.
The vampire is heavily damaged. (Press . to maintain the ray.)
The vampire hits you but does no damage.
The vampire misses you.
The searing ray hits the vampire but does no damage.
The vampire is heavily damaged.
The vampire draws life force from you!
* * * LOW HITPOINT WARNING * * *
The vampire is healed by the life force!
The searing ray hits the vampire.
The vampire is moderately damaged.
The vampire closely misses you. The vampire bites you.
* * * LOW HITPOINT WARNING * * *
The vampire draws strength from your injuries!
The searing ray hits the vampire but does no damage.
The vampire is moderately damaged.
You finish channelling your searing ray.
The vampire hits you.
* * * LOW HITPOINT WARNING * * *
The vampire bites you!
You die...

#.################
#............)...#
################.# #.#
##.##
##############<..######
..........V@..........#
..$.....######....###.#
###.###.# ##.#.# #.# #
#.# ###.###.# #.#
#.....# #.# ##.#####
#.# #####.#.## #.#
#....###.# #.###.#.##


You could see a vampire.

Vanquished Creatures
  Sigmund (D:2)
  Edmund (D:5)
  2 water moccasins (D:5)
  Duvessa (D:4)
  An ogre (D:4)
  A kobold brigand (D:6)
  A gnoll sergeant (D:4)
  2 scorpions (D:5)
  Dowan (D:4)
  A water moccasin skeleton (D:5)
  A bullfrog zombie (D:5)
  2 hounds
  2 jellies
  Jessica (D:3)
  3 iguanas
  Robin (D:2)
  12 gnolls
  3 adders
  3 white imps
  A worm (D:2)
  5 dart slugs
  2 orcs
  3 bats (D:2)
  4 endoplasms
  3 giant cockroaches
  16 goblins
  11 hobgoblins
  6 jackals
  4 quokkas
  5 ball pythons
  4 frilled lizards
  8 kobolds
  5 rats
117 creatures vanquished.

Notes
Turn   | Place    | Note
-------+----------+-------------------------------------------
     0 | D:1      | Logoto the Draconian Conjurer began the quest for the Orb.
     0 | D:1      | Reached XP level 1. HP: 14/14 MP: 3/3
   135 | D:1      | Reached XP level 2. HP: 13/20 MP: 5/5
  1715 | D:2      | Reached XP level 3. HP: 25/27 MP: 3/6
  1881 | D:2      | Found a blossoming altar of Fedhas.
  2285 | D:2      | Noticed Sigmund
  2350 | D:3      | Noticed Jessica
  2477 | D:3      | Reached XP level 4. HP: 32/34 MP: 1/7
  2481 | D:3      | Killed Jessica
  2482 | D:3      | Reached skill level 1 in Fighting
  2482 | D:3      | Reached skill level 5 in Conjurations
  2776 | D:3      | Reached skill level 1 in Short Blades
  2788 | D:3      | Reached XP level 5. HP: 36/40 MP: 1/8
  2795 | D:3      | Learned a level 3 spell: Dazzling Flash
  2798 | D:3      | Learned a level 2 spell: Searing Ray
  2923 | D:3      | Found a faded altar of an unknown god.
  3432 | D:2      | Noticed Robin
  3465 | D:2      | Killed Sigmund
  3466 | D:2      | Reached skill level 1 in Long Blades
  3466 | D:2      | Reached XP level 6. HP: 47/47 MP: 0/10
  3578 | D:2      | Killed Robin
  3917 | D:4      | Noticed Dowan
  3917 | D:4      | Noticed Duvessa
  3942 | D:4      | Killed Duvessa
  3945 | D:4      | Killed Dowan
  4211 | D:4      | Your scales start taking on a glossy black colour.
  4211 | D:4      | Reached XP level 7. HP: 52/53 MP: 6/12
  4211 | D:4      | Gained mutation: You are resistant to electric shocks.
                  | (rElec) [Black Draconian growth]
  4888 | D:4      | Found a hazy altar of Hepliaklqana.
  4892 | D:4      | Found a white marble altar of Elyvilon.
  4892 | D:4      | Found a white marble altar of Elyvilon.
  4894 | D:4      | Found a shimmering altar of Xom.
  4894 | D:4      | Found a shimmering altar of Xom.
  4894 | D:4      | Found an iron altar of Okawaru.
  4951 | D:5      | Entered Level 5 of the Dungeon
  5009 | D:5      | Found an ornate altar of the Wu Jian Council.
  5444 | D:5      | Noticed Edmund
  5481 | D:5      | Found a staircase to the Ecumenical Temple.
  5488 | Temple   | Entered the Ecumenical Temple
  5854 | Temple   | Became a worshipper of Vehumet
  6143 | D:5      | Reached XP level 8. HP: 59/62 MP: 11/14
  6526 | D:5      | Killed Edmund
  6527 | D:5      | Reached skill level 5 in Spellcasting
  6640 | D:6      | Found Doerack's Antique Weapon Boutique.
  6650 | D:6      | Bought a short sword for 69 gold pieces
  6996 | D:6      | Slain by a vampire

Illustrated notes

Levels and vault maps discovered:
D:1:      heliophobic_arrival_ceremonial_halls, layout_basic,
          grunt_decor_arrowhead, grunt_decor_fettered, minmay_tetromino_o4
D:2:      layout_loops_cross, basic_altar, minmay_vboxes, uniq_robin,
          uniq_sigmund
D:3:      layout_basic, hellmonk_ecumenical_altar_zigzags, uniq_jessica
D:4:      layout_cave_pools, doesnt_xom_only_xom, kennysheep_nondescript,
          uniq_duvessa
D:5:      layout_basic, lemuel_coloured_pillars_altar,
          minmay_temple_entry_overgrown, uniq_edmund
D:6:      layout_loops_ring, mainiacjoe_overflow_alcove_2, serial_shops,
          nicolae_lakefront_shop
Temple:   eino_temple_rhombus

Skill      XL: |  1  2  3  4  5  6  7  8 |
---------------+-------------------------+-----
Stealth        | 2 3 4 |  4.4
Dodging        | 2 3 |  3.5
Fighting       | 1 2 3 |  3.3
Conjurations   | 5 |  5.9
Short Blades   | 1 2 3 |  3.5
Long Blades    | 1 2 |  2.4
Spellcasting   | 3 4 5 |  5.3
Maces & Flails | |  0.7
Unarmed Combat | |  0.3

Action                   |  1- 3 |  4- 6 |  7- 9 || total
-------------------------+-------+-------+-------++-------
Melee: Unarmed           |    12 |       |       ||    12
       Dagger            |    85 |    77 |   105 ||   267
       Tailslap          |     7 |    11 |    15 ||    33
       Punch             |     1 |       |     2 ||     3
       Dire flail        |       |       |    19 ||    19
 Cast: Magic Dart        |    43 |    17 |    37 ||    97
       Searing Ray       |       |     8 |    18 ||    26
       Dazzling Flash    |       |     2 |     2 ||     4
  Use: Scroll            |       |       |     1 ||     1
       Potion            |       |       |     1 ||     1
 Stab: Sleeping          |     2 |     3 |     3 ||     8
       Invisible         |       |     3 |     1 ||     4
Armor: Skin              |    36 |    24 |    26 ||    86
Dodge: Dodged            |    62 |    40 |    88 ||   190
